 Dungeon Crawl Stone Soup version 0.20-a0-672-gd6c3c51 (webtiles) character file.

7682 GlassEater the Cruncher (level 11, -3/95 HPs)
             Began as a Minotaur Gladiator on Feb 18, 2017.
             Was a High Priest of Okawaru.
             Slain by a two-headed ogre
             ... wielding a +0 giant club
              (10 damage)
             ... on level 9 of the Dungeon.
             The game lasted 00:15:51 (9125 turns).

GlassEater the Cruncher (Minotaur Gladiator)        Turns: 9125, Time: 00:15:51

Health: -3/95      AC: 17    Str: 19    XL:     11   Next: 0%
Magic:  14/14      EV:  8    Int:  5    God:    Okawaru [*****.]
Gold:   664        SH:  4    Dex: 15    Spells: 10/10 levels left

rFire    + . .     SeeInvis .   a - +2 quarterstaff (chaos)
rCold    x . .     Gourm    .   v - +0 plate armour
rNeg     . . .     Faith    .   (shield currently unavailable)
rPois    .         Spirit   .   c - +0 hat
rElec    .         Reflect  +   E - +0 cloak
rCorr    +         Harm     .   L - +0 pair of gloves (curse)
MR       .....                  (no boots)
Stlth    ..........             d - +4 amulet of reflection
Regen    0.3/turn               m - ring of fire
MPRegen  0.2/turn               o - ring of resist corrosion

@: no status effects
A: retaliatory headbutt, horns 2
a: Heroism, Finesse, Renounce Religion


You were on level 9 of the Dungeon.
You worshipped Okawaru.
Okawaru was extremely pleased with you.
You were not hungry.

You visited 1 branch of the dungeon, and saw 9 of its levels.

You collected 664 gold pieces.

Inventory:

Hand Weapons
 a - a +2 quarterstaff of chaos (weapon)
 b - a +0 shortbow of flaming
Missiles
 e - 119 arrows
Armour
 c - a +0 hat (worn)
 v - a +0 plate armour (worn)
 E - a +0 cloak (worn)
 L - a cursed +0 pair of gloves (worn)
Jewellery
 d - a +4 amulet of reflection (around neck)
 m - a ring of fire (right hand)
 o - a ring of resist corrosion (left hand)
Scrolls
 n - a scroll of noise {unknown}
 p - 2 scrolls of fear {unknown}
 s - a scroll of enchant weapon {unknown}
 t - 2 scrolls of magic mapping {unknown}
 u - 4 scrolls of remove curse {unknown}
 y - a scroll of blinking {unknown}
 z - a scroll of immolation {unknown}
 A - a scroll of acquirement {unknown}
 G - 3 scrolls of enchant armour {unknown}
 H - a scroll of amnesia {unknown}
 I - 2 scrolls of recharging {unknown}
 K - 2 scrolls of teleportation {unknown}
 M - a scroll of identify
Potions
 g - 3 potions of ambrosia
 h - 2 potions of cancellation
 i - 2 potions of resistance {unknown}
 j - a potion of agility {unknown}
 k - a potion of invisibility {unknown}
 q - a potion of haste {unknown}
 x - 6 potions of curing
 C - a potion of brilliance {unknown}
 D - a potion of magic {unknown}
 F - a potion of degeneration {unknown}
 J - a potion of flight {unknown}
Comestibles
 f - 14 bread rations
 r - 17 fruits
 w - 4 royal jellies
 B - 6 meat rations
 N - 16 chunks of flesh


   Skills:
 + Level 8.6 Fighting
 + Level 12.4 Staves
 + Level 5.3 Bows
 - Level 2.0 Throwing
 + Level 9.8 Armour
 - Level 3.2 Dodging
 * Level 6.3 Invocations


You had 10 spell levels left.
You didn't know any spells.

Dungeon Overview and Level Annotations

Branches:
Dungeon (9/15)             Temple (0/1) D:4
   Lair: D:8-11         Orc: D:9-12

Altars:
Dithmenos
Fedhas
Hepliaklqana
Okawaru
Qazlal
Sif Muna
Trog
Xom
Yredelemnul


Innate Abilities, Weirdness & Mutations

You reflexively headbutt those who attack you in melee.
You have a pair of horns on your head.


Message History

The two-headed ogre hits you with a giant club!
The two-headed ogre hits you with a giant spiked club!
* * * LOW HITPOINT WARNING * * *
You hit the two-headed ogre but do no damage.
Your headbutt misses the two-headed ogre.
The two-headed ogre is almost dead.
The two-headed ogre hits you with a giant club!
* * * LOW HITPOINT WARNING * * *
The two-headed ogre hits you with a giant spiked club.
* * * LOW HITPOINT WARNING * * *
You feel much better.
The two-headed ogre hits you with a giant club.
* * * LOW HITPOINT WARNING * * *
The two-headed ogre hits you with a giant spiked club!!
* * * LOW HITPOINT WARNING * * *
Your plate armour prevents you from hitting the two-headed ogre.
Your headbutt misses the two-headed ogre.
The two-headed ogre is almost dead.
The two-headed ogre hits you with a giant club!
You die...

.... #... #####'##### #...
#.........# ####...
#.........# ..##...
####.........########.##...
....................#.##...
..............#####.#.##...
.........####.#............
....>...)O@)(..............
.......))####.#.....#.##...
........[.......)..........
...........................
.........##########........
................ #........
................ #........
#######......... #.........


You could see a two-headed ogre (berserk).

Vanquished Creatures
  A two-headed ogre (D:9)
  The ghost of rogsnak the Ruffian, a novice DrTm of Qazlal (D:6)
  Psyche (D:9)
  The ghost of dirge the Slasher, a novice BaFi (D:4)
  A troll (D:9)
  Grinder (D:3)
  2 hippogriffs
  Sigmund (D:4)
  A wraith (D:8)
  6 yaks (D:9)
  A hungry ghost (D:4)
  An acid dragon (D:9)
  A water moccasin (D:8)
  Duvessa (D:6)
  5 orc warriors (D:9)
  An ice beast (D:6)
  2 phantoms
  A black bear (D:9)
  2 sky beasts
  A necrophage (D:9)
  3 ogres
  2 centaurs
  6 big kobolds
  4 bullfrogs
  A gnoll sergeant (D:9)
  Dowan (D:6)
  A scorpion (D:5)
  5 wights (D:8)
  4 howler monkeys
  2 crimson imps
  A centaur zombie (D:6)
  An orc priest (D:9)
  2 jellies (D:6)
  Crazy Yiuf (D:3)
  A bullfrog skeleton (D:6)
  6 hounds
  An orc wizard (D:8)
  3 worker ants
  A killer bee zombie (D:5)
  A hound skeleton (D:9)
  18 gnolls
  10 adders
  A shadow imp (D:8)
  2 oozes
  3 adder skeletons
  3 worms (D:3)
  A dart slug (D:1)
  6 leopard geckos
  29 orcs
  2 ball pythons
  5 bats
  4 giant cockroaches
  25 goblins
  34 hobgoblins
  7 jackals
  2 quokkas
  A ball python skeleton (D:5)
  6 frilled lizards
  2 jackal skeletons (D:5)
  A jackal zombie (D:5)
  9 kobolds
  A quokka skeleton (D:4)
  3 rats
254 creatures vanquished.

Vanquished Creatures (others)
  3 goblins (D:5)
3 creatures vanquished.

Grand Total: 257 creatures vanquished

Notes
Turn   | Place    | Note
-------+----------+-------------------------------------------
     0 | D:1      | GlassEater the Minotaur Gladiator began the quest for the Orb.
     0 | D:1      | Reached XP level 1. HP: 18/18 MP: 0/0
   520 | D:1      | Reached skill level 4 in Staves
   520 | D:1      | Reached XP level 2. HP: 25/25 MP: 1/1
   995 | D:2      | Reached XP level 3. HP: 29/31 MP: 2/2
  1069 | D:2      | Reached skill level 5 in Staves
  1919 | D:3      | Reached skill level 1 in Armour
  1931 | D:3      | Reached XP level 4. HP: 38/38 MP: 3/3
  2016 | D:3      | Noticed Grinder
  2027 | D:3      | Killed Grinder
  2027 | D:3      | Reached skill level 6 in Staves
  2027 | D:3      | Reached XP level 5. HP: 33/46 MP: 4/4
  2163 | D:3      | Reached XP level 6. HP: 40/52 MP: 5/5
  2451 | D:3      | Found a shadowy altar of Dithmenos.
  2510 | D:3      | Reached skill level 7 in Staves
  2576 | D:3      | Found a runed door.
  2881 | D:3      | Noticed Crazy Yiuf
  2885 | D:3      | Killed Crazy Yiuf
  2936 | D:4      | Found an iron altar of Okawaru.
  2944 | D:4      | Became a worshipper of Warmaster Okawaru
  3068 | D:4      | Found a hazy altar of Hepliaklqana.
  3091 | D:4      | Noticed Sigmund
  3096 | D:4      | Killed Sigmund
  3096 | D:4      | Reached skill level 8 in Staves
  3096 | D:4      | Reached XP level 7. HP: 52/60 MP: 6/6
  3111 | D:4      | Noticed dirge's ghost (novice BaFi)
  3119 | D:4      | Killed dirge's ghost
  3119 | D:4      | Reached * piety under Okawaru
  3119 | D:4      | Reached skill level 5 in Fighting
  3119 | D:4      | Reached skill level 9 in Staves
  3298 | D:4      | Noticed a hungry ghost
  3308 | D:4      | Killed a hungry ghost
  3308 | D:4      | Reached skill level 5 in Armour
  3308 | D:4      | Reached XP level 8. HP: 64/68 MP: 7/7
  3321 | D:4      | Noticed Blork the orc
  3327 | D:4      | Noticed Blork
  3327 | D:4      | Blork the orc changed into Blork the hound
  3330 | D:4      | Killed Blork the hound
  3330 | D:4      | Reached ** piety under Okawaru
  3330 | D:4      | Reached skill level 1 in Invocations
  3531 | D:4      | Found a staircase to the Ecumenical Temple.
  3754 | D:5      | Entered Level 5 of the Dungeon
  3849 | D:5      | Found a bloodstained altar of Trog.
  4429 | D:5      | Reached skill level 10 in Staves
  5129 | D:6      | Reached XP level 9. HP: 70/75 MP: 10/10
  5343 | D:6      | Found a blossoming altar of Fedhas.
  5618 | D:6      | Reached skill level 1 in Bows
  5672 | D:6      | Noticed rogsnak's ghost (novice DrTm)
  5689 | D:6      | Killed rogsnak's ghost
  5689 | D:6      | Reached *** piety under Okawaru
  5780 | D:6      | Noticed Duvessa
  5780 | D:6      | Noticed Dowan
  5785 | D:6      | Killed Duvessa
  5791 | D:6      | Killed Dowan
  5897 | D:7      | Found a shimmering altar of Xom.
  5908 | D:7      | Reached skill level 11 in Staves
  5925 | D:7      | Found a blossoming altar of Fedhas.
  5926 | D:7      | Found a basalt altar of Yredelemnul.
  6133 | D:7      | Found a deep blue altar of Sif Muna.
  6741 | D:8      | Reached **** piety under Okawaru
  6761 | D:8      | Found a shimmering altar of Xom.
  7413 | D:8      | Reached XP level 10. HP: 75/86 MP: 12/12
  7622 | D:8      | Found a stormy altar of Qazlal.
  7908 | D:9      | Noticed Psyche
  7920 | D:9      | Killed Psyche
  7920 | D:9      | Reached skill level 5 in Invocations
  8315 | D:9      | Noticed a two-headed ogre
  8328 | D:9      | Killed a two-headed ogre
  8328 | D:9      | Reached ***** piety under Okawaru
  8640 | D:9      | Reached skill level 12 in Staves
  8640 | D:9      | Reached skill level 5 in Bows
  8857 | D:9      | Received a gift from Okawaru
  8896 | D:9      | Received a gift from Okawaru
  8996 | D:9      | Reached XP level 11. HP: 59/95 MP: 14/14
  9100 | D:9      | Noticed a two-headed ogre
  9125 | D:9      | Slain by a two-headed ogre

Vault maps used:
D:1:      dpeg_arrival_three_bigger_balls, serial_corexii_hall,
          corexii_hall_statues_l, corexii_hall_statues_i,
          corexii_hall_statues_deadend, minmay_door_square, st_stairs_4,
          minivault_23, roderic_roman_lattice
D:2:      grunt_decor_clamped, eino_tiny_chamber, minmay_split_cup_small
D:3:      nicolae_dithmenos_through_a_glass_darkly, first_bread,
          uniq_crazy_yiuf_cottage, uniq_grinder
D:4:      overflow_temple_1_default, lemuel_doored_altar,
          minmay_temple_entry_enclosed_plants, minivault_1, eino_tiny_chamber,
          uniq_blork_the_orc, uniq_sigmund
D:5:      minmay_goblin_kobold_castle, bloody_trog,
          nicolae_overflow_hidden_temple
D:6:      fedhas_altar_fruit_tree, uniq_duvessa
D:7:      lemuel_round_altar, gammafunk_temple_overflow_statue, basic_altar,
          grunt_ogre_cave, minmay_misc_feat_diagonals
D:8:      overflow_temple_1_default, lemuel_coloured_pillars_altar,
          amethyst_killhole
D:9:      kennysheep_orc_monster_closet_entryway, kennysheep_generic_room_6,
          uniq_psyche

Skill      XL: |  1  2  3  4  5  6  7  8  9 10 |
---------------+-------------------------------+-----
Staves         | 4 5 6 8 9 10 11 12 | 12.4
Fighting       | 3 4 5 6 7 8 |  8.6
Armour         | 1 2 4 5 6 8 9 |  9.8
Invocations    | 3 4 6 |  6.3
Bows           | 3 5 |  5.3
Throwing       | |  2.0
Dodging        | |  3.2

Action                   |  1- 3 |  4- 6 |  7- 9 | 10-12 || total
-------------------------+-------+-------+-------+-------++-------
Melee: Quarterstaff      |    65 |    79 |   323 |   170 ||   637
       Headbutt          |     9 |    13 |    53 |    43 ||   118
 Fire: Shortbow          |       |       |    28 |     5 ||    33
Invok: Heroism           |       |       |       |     2 ||     2
  Use: Scroll            |       |       |     5 |       ||     5
       Potion            |       |       |       |     3 ||     3
 Stab: Paralysed         |       |       |     6 |     2 ||     8
       Confused          |       |       |     2 |       ||     2
  Eat: Chunk             |     2 |     5 |    16 |     5 ||    28
Armor: Ring mail         |    13 |       |       |       ||    13
       Leather armour    |     1 |       |       |       ||     1
       Plate armour      |    12 |    37 |   221 |    67 ||   337
Dodge: Dodged            |    44 |    24 |   112 |    66 ||   246
Block: Other             |       |       |    49 |    25 ||    74
       Reflection        |       |       |     7 |       ||     7
